 Dungeon Crawl Stone Soup version 0.28.0-53-g5a82cb258f (webtiles) character file.

Game seed: 5491718942802802261

37 dozzold the Cudgeller (level 3, 0/29 HPs)
             Began as a Demonspawn Chaos Knight on May 29, 2022.
             Was a Plaything of Xom.
             Slain by a hog (shapeshifter) (9 damage)
             ... on level 2 of the Dungeon.
             The game lasted 00:02:35 (1414 turns).

dozzold the Cudgeller (Demonspawn Chaos Knight)     Turns: 1414, Time: 00:02:36

Health: 0/29       AC:  5    Str: 14    XL:     3   Next: 21%
Magic:  3/3        EV: 10    Int: 13    God:    Xom [...*..]
Gold:   30         SH:  0    Dex: 14    Spells: 2/2 levels left

rFire   . . .      SeeInvis .   a - +0 mace (chaos)
rCold   . . .      Faith    .   (no shield)
rNeg    . . .      Spirit   .   d - +0 ring mail
rPois   .          Reflect  .   (no helmet)
rElec   .          Harm     .   (no cloak)
rCorr   .          Rampage  .   (no gloves)
Will    .....                   (no boots)
Stlth   ++........              j - amulet of regeneration
HPRegen 0.89/turn               (no ring)
MPRegen 0.08/turn               (no ring)

@: no status effects
A: thin skeletal structure 1, ignite blood 1
a: Renounce Religion


You were on level 2 of the Dungeon.
You worshipped Xom.
You were a favourite toy of Xom.
You visited 1 branch of the dungeon, and saw 2 of its levels.

You collected 30 gold pieces.

Inventory:

Hand Weapons
 a - a +0 mace of chaos (weapon)
Armour
 d - a +0 ring mail (worn)
Jewellery
 j - an amulet of regeneration (around neck)
Scrolls
 e - a scroll of identify
 f - a scroll of blinking {unknown}
 h - a scroll of vulnerability {unknown}
 i - 3 scrolls of fog {unknown}
Potions
 c - a potion of brilliance
 g - a potion of resistance


   Skills:
 - Level 3.0 Fighting
 + Level 4.0 Maces & Flails
 - Level 1.7 Armour
 - Level 0.8 Dodging


You had 2 spell levels left.
You didn't know any spells.
Your spell library contained the following spells:

 Spells                   Type           Power      Damage    Failure   Level
 Dazzling Flash           Conj/Hex       0%         N/A       88%         3
 Agony                    Necr           0%         N/A       100%        5
 Silence                  Hex/Air        0%         N/A       100%        5


Dungeon Overview and Level Annotations

Branches:
Dungeon (2/15)

Altars:
Xom

Annotations:
D:2 Jessica


Innate Abilities, Weirdness & Mutations

You have a somewhat thin skeletal structure. (Dex +2, Stealth+)
Your demonic aura sometimes causes spilled blood to erupt in flames.


Message History

You feel stronger. x2; Your demonic ancestry asserts itself...
Your bones become slightly less dense.
Xom alters the dungeon around you.
No target in view!
No target in view!
No target in view!
No target in view!
No target in view!
No target in view!
You see here a scroll labelled QYWAZA JETSA.
An endoplasm is nearby!
The endoplasm quivers.
You hit the endoplasm.
The endoplasm changes into a shapeshifter!
The shapeshifter changes into a hog!
You hit the hog but do no damage. The hog closely misses you.
You hit the hog. You punch the hog.
The hog is moderately wounded.
The hog bites you. The hog barely misses you.
You closely miss the hog.
The hog is moderately wounded.
The hog bites you.
You sock the hog!
The hog is heavily wounded.
The hog bites you. The hog completely misses you.
You barely miss the hog.
The hog is heavily wounded.
The hog bites you.
You hit the hog.
The hog is heavily wounded.
The hog bites you. The hog bites you!
* * * LOW HITPOINT WARNING * * *
You barely miss the hog.
The hog is heavily wounded.
The hog barely misses you.
You barely miss the hog.
The hog is heavily wounded.
The hog misses you. The hog bites you!
You die...
Xom chortles!

...?....##...#######.#
>.................<..#
.._.....##...###.##..#
.....................#
........##...###.##.##
.[...........###.##.####
.......###.#...............
#####..# #.......h....###..
.......# #######@##.#.#
#####.## #.##.... #.#
#.####... #.# #.# ###
#.##########.#
#............#
##############


You could see a hog shaped shifter.

Vanquished Creatures
  An adder (D:2)
  2 dart slugs (D:1)
  3 bats
  4 giant cockroaches (D:1)
  4 goblins
  A hobgoblin (D:2)
  4 ball pythons (D:1)
  A frilled lizard (D:1)
  2 kobolds
  A rat (D:1)
23 creatures vanquished.

Vanquished Creatures (others)
  A fungus (D:1)
  4 plants (D:1)
5 creatures vanquished.

Grand Total: 28 creatures vanquished

Notes
Turn   | Place    | Note
-------+----------+-------------------------------------------
     0 | D:1      | dozzold the Demonspawn Chaos Knight began the quest for the
                  | Orb.
     0 | D:1      | Reached XP level 1. HP: 18/18 MP: 1/1
    75 | D:1      | Reached skill level 3 in Maces & Flails
   274 | D:1      | Gained mutation: Your demonic aura sometimes causes spilled
                  | blood to erupt in flames. [demonic ancestry]
   274 | D:1      | Reached XP level 2. HP: 24/24 MP: 2/2
   367 | D:1      | Found a faded altar of an unknown god.
   724 | D:1      | XOM: silly message
   888 | D:1      | XOM: silly message
   955 | D:1      | XOM: divination: detect items
  1217 | D:1      | XOM: divination: detect creatures
  1228 | D:2      | Noticed Jessica
  1235 | D:2      | XOM: 5-stop teleportation journey
  1365 | D:2      | Reached skill level 4 in Maces & Flails
  1365 | D:2      | Gained mutation: You have a somewhat thin skeletal
                  | structure. (Dex +2, Stealth+) [demonic ancestry]
  1365 | D:2      | Reached XP level 3. HP: 27/29 MP: 3/3
  1365 | D:2      | XOM: scenery: create altars
  1406 | D:2      | Noticed a shapeshifter
  1406 | D:2      | an endoplasm changed into a shapeshifter
  1406 | D:2      | Noticed a hog
  1406 | D:2      | a shapeshifter changed into a hog
  1414 | D:2      | Slain by a hog (shapeshifter)

Illustrated notes

Levels and vault maps discovered:
D:1:      lemuel_arrival_room, layout_loops_ring,
          shapermc_ecumenical_altar_mp_urbaneastern, roderic_three_in_a_row,
          minmay_misc_feat_chi, minmay_worlds_worst_comb
D:2:      layout_loops_ring, uniq_jessica, uniq_robin

Skill      XL: |  1  2 |
---------------+-------+-----
Maces & Flails | 3 4 |  4.0
Fighting       | |  3.0
Armour         | |  1.7
Dodging        | |  0.8

Action                   || total
-------------------------++-------
Melee: Mace              ||   111
       Punch             ||     1
  Use: Scroll            ||     2
Armor: Leather armour    ||    34
       Ring mail         ||     2
Dodge: Dodged            ||    73
